 Dungeon Sprint DCSS version 0.19.0-24-gb05acd6 (webtiles) character file.

3107 igo the Unseen (level 9, -5/39 HPs)
             Began as a Spriggan Enchanter on Nov 22, 2016.
             Was a Believer of Dithmenos.
             Shot with an arrow by a centaur warrior (22 damage)
             ... in the Dungeon (Sprint I: "Red Sonja").
             The game lasted 00:10:59 (1524 turns).

igo the Unseen (Spriggan Enchanter)                 Turns: 1524, Time: 00:11:00

Health: -5/39      AC:  3    Str:  4    XL:     9   Next: 60%
Magic:  23/26      EV: 30    Int: 19    God:    Dithmenos [**....]
Gold:   837        SH:  0    Dex: 17    Spells: 5 memorised, 20 levels left

rFire  . . .     SeeInvis +     k - +1 short sword (distort)
rCold  . . .     Gourm    .     b - +1 robe
rNeg   . . .     Faith    .     (shield restricted)
rPois  .         Spirit   .     (helmet restricted)
rElec  .         Reflect  .     (no cloak)
rCorr  .         Harm     .     (gloves unavailable)
MR     +....     NoTele   +     (boots unavailable)
Stlth  ++++++++..               (no amulet)
                                (no ring)
                                (no ring)

@: wreathed by umbra, very quick
A: unfitting armour, see invisible, herbivore 3, speed 3, slow metabolism 2
a: Shadow Step, Renounce Religion


You were in the Dungeon.
You worshipped Dithmenos.
Dithmenos was pleased with you.
You were not hungry.

You visited 1 branch You collected 837 gold pieces.

Inventory:

Hand Weapons
 a - a +1 dagger
 i - a +0 blowgun
 k - a +1 short sword of distortion (weapon)
Missiles
 l - 8 curare-tipped needles
Armour
 b - a +1 robe (worn)
Scrolls
 j - a scroll of blinking
 m - a scroll of fear {unknown}
 n - a scroll of remove curse {unknown}
Potions
 e - 4 potions of curing
 f - a potion of heal wounds
 g - a potion of haste
 h - 2 potions of magic
Books
 c - a book of Maledictions

   Spells                             Type                      Level
   a - Corona                         Hexes                        1
   b - Ensorcelled Hibernation        Hexes/Ice                    2
   c - Confuse                        Hexes                        3
   d - Tukima's Dance                 Hexes                        3
   e - Dazzling Spray                 Conjuration/Hexes            3
Comestibles
 d - a bread ration


   Skills:
 + Level 11.0 Short Blades
 + Level 14.0 Dodging
 + Level 15.3 Stealth
 + Level 12.1 Spellcasting
 + Level 12.3 Hexes


You had 20 spell levels left.
You knew the following spells:

 Your Spells              Type           Power        Failure   Level  Hunger
a - Corona                Hex            ######.      1%          1    None
b - Confuse               Hex            ######..     1%          3    None
c - Tukima's Dance        Hex            ######..     1%          3    None
d - Ensorcelled Hibernat  Hex/Ice        ####..       1%          2    None
e - Dazzling Spray        Conj/Hex       ####..       1%          3    None


Dungeon Overview and Level Annotations

Branches:
Dungeon (1/1)

Altars:
Cheibriados
Dithmenos
Elyvilon
Fedhas
Gozag
Hepliaklqana
Kikubaaqudgha
Makhleb
Nemelex Xobeh
Okawaru
Qazlal
Ru
Sif Muna
Trog
Uskayaw
Vehumet
Xom
Yredelemnul
Zin
The Shining One
Jiyva
Lugonu

Shops:
D %:


Innate Abilities, Weirdness & Mutations

You are very small and have problems with some larger weapons.
You are too small for most types of armour.
You have supernaturally acute eyesight. (SInv)
You are a herbivore.
You cover ground extremely quickly.
You need consume almost no food.


Message History

The centaur warrior appears confused.
You close the door.
There is an open door here.
You close the door.
There is an open door here.
You close the door.
You start resting.
Magic restored.
You start resting.
Casting: Confuse
Confirm with . or Enter, or press ? or * to list all spells.
Aiming: Confuse
Press: ? - help, Shift-Dir - straight line, f/p - centaur warrior
Aim: a centaur warrior (hasn't noticed you, umbra, chance to defeat MR: 58%)
The centaur warrior shouts!
The centaur warrior resists with significant effort.
The centaur warrior wields a longbow.
The centaur warrior shoots an arrow.
The arrow hits you!!
Ouch! That really hurt!
You die...

#..#_____##'#..+§§§c§+
#⌠⌠#_.∩...s..._#≈§§§c
####_..__##_.#'##c###
#_____###'#[#§§§.#
############.####+###
#∩...G....+...+.....+
###''''####...#######
#.......####.###
#......GG#.#+#@#
#..#..G..#.c...#
#...G...G#...[.#
#.....#..#######
#G......G#


You could see a centaur warrior.

Vanquished Creatures
  Sonja (D)
  A deep troll (D)
  A shining eye (D)
  2 kobold demonologists (D)
  A demonic crawler (D)
  Sigmund (D)
  A yak (D)
  3 floating eyes (D)
  An ogre (D)
  A jelly (D)
  Ijyb (D)
  2 ballistomycetes (D)
  A ballistomycete spore (D)
17 creatures vanquished.

Vanquished Creatures (others)
  A gargoyle (D)
  A demonic crawler (D)
  A ballistomycete spore (D)
3 creatures vanquished.

Grand Total: 20 creatures vanquished

Notes
Turn   | Place    | Note
-------+----------+-------------------------------------------
     0 | D        | igo the Spriggan Enchanter began the quest for the Orb.
     0 | D        | Reached XP level 1. HP: 9/9 MP: 5/5
     1 | D        | Noticed Ijyb
    26 | D        | Killed Ijyb
    26 | D        | Reached skill level 5 in Stealth
    26 | D        | Reached XP level 2. HP: 3/13 MP: 6/8
   268 | D        | Noticed an ogre
   271 | D        | Killed an ogre
   271 | D        | Reached skill level 7 in Stealth
   271 | D        | Reached skill level 5 in Spellcasting
   271 | D        | Reached XP level 3. HP: 16/16 MP: 9/11
   271 | D        | Reached XP level 4. HP: 21/21 MP: 9/12
   273 | D        | Noticed Sigmund
   276 | D        | Killed Sigmund
   276 | D        | Reached skill level 9 in Stealth
   276 | D        | Reached XP level 5. HP: 24/24 MP: 9/15
   276 | D        | Reached XP level 6. HP: 28/28 MP: 10/17
   281 | D        | Learned a level 3 spell: Confuse
   285 | D        | Learned a level 3 spell: Tukima's Dance
   288 | D        | Learned a level 2 spell: Ensorcelled Hibernation
   292 | D        | Learned a level 3 spell: Dazzling Spray
   341 | D        | Found a deep blue altar of Sif Muna.
   343 | D        | Found a radiant altar of Vehumet.
   362 | D        | Found Ceog's Book Emporium.
   362 | D        | Found an ancient bone altar of Kikubaaqudgha.
   362 | D        | Found a hazy altar of Hepliaklqana.
   362 | D        | Found a hide-covered altar of Uskayaw.
   362 | D        | Found a basalt altar of Yredelemnul.
   362 | D        | Found an opulent altar of Gozag.
   362 | D        | Found a snail-covered altar of Cheibriados.
   362 | D        | Found a sacrificial altar of Ru.
   362 | D        | Found a shadowy altar of Dithmenos.
   362 | D        | Noticed a yak
   363 | D        | Found a stormy altar of Qazlal.
   363 | D        | Found a blossoming altar of Fedhas.
   363 | D        | Found a bloodstained altar of Trog.
   363 | D        | Found an iron altar of Okawaru.
   363 | D        | Found a glowing silver altar of Zin.
   365 | D        | Found a glowing golden altar of the Shining One.
   365 | D        | Found a white marble altar of Elyvilon.
   367 | D        | Found a sparkling altar of Nemelex Xobeh.
   378 | D        | Killed a yak
   378 | D        | Reached skill level 10 in Stealth
   383 | D        | Became a worshipper of Dithmenos the Shadowed
   398 | D        | Noticed a centaur warrior
   403 | D        | Found a viscous altar of Jiyva.
   403 | D        | Found a corrupted altar of Lugonu.
   403 | D        | Noticed a slime creature
   404 | D        | Found a burning altar of Makhleb.
   404 | D        | Found a shimmering altar of Xom.
   414 | D        | Noticed Sonja
   428 | D        | Killed Sonja
   428 | D        | Reached skill level 12 in Stealth
   428 | D        | Reached skill level 10 in Hexes
   428 | D        | Reached XP level 7. HP: 22/32 MP: 14/21
   428 | D        | Reached XP level 8. HP: 25/36 MP: 14/22
   540 | D        | Noticed a deep troll
   569 | D        | Killed a shining eye
   569 | D        | Reached * piety under Dithmenos
   569 | D        | Reached skill level 13 in Stealth
   569 | D        | Reached skill level 10 in Spellcasting
   578 | D        | Found Fapn's Food Boutique.
   587 | D        | Noticed a shining eye
   587 | D        | Noticed a shining eye
   587 | D        | Noticed a shining eye
   587 | D        | Noticed a shining eye
   592 | D        | Noticed a shining eye
   609 | D        | Paralysed by a floating eye for 4 turns
   625 | D        | Killed a deep troll
   625 | D        | Reached skill level 14 in Stealth
   645 | D        | Banished a slime creature
   645 | D        | Reached skill level 10 in Short Blades
   645 | D        | Reached XP level 9. HP: 39/39 MP: 10/25
   739 | D        | Noticed a kobold demonologist
   740 | D        | Noticed a kobold demonologist
   742 | D        | Killed a kobold demonologist
   742 | D        | Reached ** piety under Dithmenos
   749 | D        | Killed a kobold demonologist
   756 | D        | Noticed a demonic crawler
   756 | D        | Noticed a demonic crawler
   756 | D        | Noticed a demonic crawler
   756 | D        | Noticed a demonic crawler
   982 | D        | Killed a gargoyle
  1211 | D        | Banished a demonic crawler
  1211 | D        | Reached skill level 15 in Stealth
  1251 | D        | Killed a demonic crawler
  1479 | D        | Noticed a centaur warrior
  1524 | D        | Shot with an arrow by a centaur warrior

Skill      XL: |  1  2  3  4  5  6  7  8  9 |
---------------+----------------------------+-----
Short Blades   | 2 4 6 8 10 11 | 11.0
Dodging        | 4 6 8 11 12 14 | 14.0
Stealth        | 5 7 9 12 14 15 | 15.3
Spellcasting   | 4 5 7 9 11 12 | 12.1
Hexes          | 4 6 7 10 11 12 | 12.3

Action                   |  1- 3 |  4- 6 |  7- 9 || total
-------------------------+-------+-------+-------++-------
Melee: Dagger            |    23 |    18 |       ||    41
       Short sword       |       |       |    46 ||    46
 Cast: Confuse           |       |     3 |    22 ||    25
       Corona            |       |       |     3 ||     3
       Dazzling Spray    |       |       |     1 ||     1
  Use: Potion            |     1 |       |       ||     1
 Stab: Sleeping          |     1 |     2 |     2 ||     5
       Confused          |       |     4 |     4 ||     8
       Distracted        |       |       |     1 ||     1
Armor: Robe              |     2 |       |       ||     2
Dodge: Dodged            |    10 |     8 |    52 ||    70
